 Dungeon Crawl Stone Soup version 0.29-a0-676-ga64570c (webtiles) character file.

Game seed: 10902805061617393495

84 Dawnplanks the Cudgeller (level 4, -4/44 HPs)
             Began as a Troll Fighter on June 24, 2022.
             Killed by nerve-wracking pain
             ... invoked by Grinder
              (13 damage)
             ... on level 3 of the Dungeon.
             The game lasted 00:02:12 (1449 turns).

Dawnplanks the Cudgeller (Troll Fighter)            Turns: 1449, Time: 00:02:13

Health: -4/44      AC:  4    Str: 26    XL:     4   Next: 23%
Magic:  3/3        EV:  8    Int:  4    God:
Gold:   92         SH:  7    Dex:  9    Spells: 3/3 levels left

rFire   . . .      SeeInvis .   a - +0 flail
rCold   . . .      Faith    .   c - +0 kite shield
rNeg    . . .      Spirit   .   b - +0 robe
rPois   .          Reflect  .   (helmet restricted)
rElec   .          Harm     .   (no cloak)
rCorr   .          Rampage  .   (gloves unavailable)
Will    .....                   (boots unavailable)
Stlth   +.........              (no amulet)
HPRegen 0.94/turn               (no ring)
MPRegen 0.08/turn               (no ring)

@: mighty
A: large, unfitting armour, claws 3, regeneration 1, shaggy fur 1, tough skin 1
a: no special abilities


You were on level 3 of the Dungeon.
You visited 1 branch of the dungeon, and saw 3 of its levels.

You collected 92 gold pieces.

Inventory:

Hand Weapons
 a - a +0 flail (weapon)
Armour
 b - a +0 robe (worn)
 c - a +0 kite shield (worn)
Jewellery
 e - a ring of ice
 j - an amulet of faith
Scrolls
 g - a scroll of brand weapon {unknown}
 h - a scroll of immolation {unknown}
 k - 2 scrolls of identify {unknown}
Potions
 f - a potion of degeneration {unknown}
 i - 2 potions of magic {unknown}
 l - a potion of ambrosia {unknown}
 m - a potion of attraction {unknown}
 n - a potion of haste {unknown}


   Skills:
 + Level 2.7 Fighting
 * Level 3.1 Maces & Flails
 + Level 2.8 Dodging
 + Level 3.1 Shields


You had 3 spell levels left.
You didn't know any spells.
Your spell library contained the following spells:

 Spells                   Type           Power      Damage    Failure   Level
 Sandblast                Erth           0%         2d4       80%         1
 Passwall                 Tmut/Erth      0%         N/A       90%         2
 Stone Arrow              Conj/Erth      0%         3d7       99%         3
 Summon Lightning Spire   Summ/Air       0%         N/A       100%        4
 Summon Mana Viper        Hex/Summ       0%         N/A       100%        5
 Summon Hydra             Summ           0%         N/A       100%        7


Dungeon Overview and Level Annotations

Branches:
Dungeon (3/15)

Altars:

Annotations:
D:3 Grinder


Innate Abilities, Weirdness & Mutations

You are too large for most types of armour.
You have claws for hands.
Your natural rate of healing is unusually fast.
You are covered in fur. (AC +1)
You have tough skin. (AC +1)


Message History

Grinder comes into view.
Grinder shouts!
You block the orc's attack.
A goblin comes into view. It is wielding a +0 club.
The goblin shouts!
You sock the orc!
You kill the orc!
Sorry, you're not good enough to have a special ability.
You feel very mighty all of a sudden. Grinder gestures at you.
Pain shoots through your body!
You barely miss the orc.
Grinder blinks!
The orc hits you with a +0 dagger.
You hit Grinder.
Grinder is lightly wounded.
Grinder gestures at you. You resist with significant effort.
You block the orc's attack.
The orc hits you from afar with a +0 trident.
Grinder hits you.
You writhe in agony.
The orc hits you but does no damage.
You barely miss Grinder.
Grinder is lightly wounded.
Grinder barely misses you. The orc hits you with a +0 dagger.
The orc completely misses you.
You hit Grinder.
Grinder is lightly wounded.
Grinder closely misses you. The orc hits you but does no damage.
The orc closely misses you.
The orc hits you from afar with a +0 trident.
You block the orc's attack.
Grinder says, "There's only one good use for a tongue: cutting it out."
Grinder closely misses you.
You closely miss Grinder.
Grinder is lightly wounded.
Grinder hits you but does no damage. The orc closely misses you.
The orc hits you from afar with a +0 trident!
* * * LOW HITPOINT WARNING * * *
You barely miss Grinder.
Grinder is lightly wounded.
Grinder gestures at you. Pain shoots through your body!
You die...

..## #
#... ..
+...
#.#...
.....
####.).##
......og#
#o## #@5#
##.##
#..# ##.#
#.## #..#
##.#
##'####
#.....#


You could see Grinder, 2 orcs and a goblin.

Vanquished Creatures
  2 adders (D:2)
  A worm (D:3)
  2 dart slugs
  An orc (D:3)
  3 ball pythons
  5 bats
  An endoplasm (D:1)
  2 giant cockroaches
  6 goblins
  11 hobgoblins
  3 quokkas
  2 frilled lizards
  6 kobolds
  6 rats
51 creatures vanquished.

Notes
Turn   | Place    | Note
-------+----------+-------------------------------------------
     0 | D:1      | Dawnplanks the Troll Fighter began the quest for the Orb.
     0 | D:1      | Reached XP level 1. HP: 22/22 MP: 0/0
   142 | D:1      | Reached XP level 2. HP: 28/29 MP: 1/1
   367 | D:1      | Got Sif Muna's Disquisition on the Entourage
   458 | D:1      | Reached XP level 3. HP: 36/36 MP: 2/2
  1116 | D:2      | Found a faded altar of an unknown god.
  1130 | D:2      | Reached XP level 4. HP: 33/44 MP: 3/3
  1440 | D:3      | Noticed Grinder
  1449 | D:3      | Killed from afar by Grinder

Illustrated notes

Levels and vault maps discovered:
D:1:      shiori_arrival_maze, layout_loops_cross
D:2:      layout_basic, ebering_ecumenical_altar_box
D:3:      layout_basic, serial_park_tiny_1, uniq_grinder

Skill      XL: |  1  2  3 |
---------------+----------+-----
Maces & Flails | 2 3 |  3.1
Shields        | 3 |  3.1
Fighting       | |  2.7
Dodging        | |  2.8

Action                   |  1- 3 |  4- 6 || total
-------------------------+-------+-------++-------
Melee: Flail             |   144 |    26 ||   170
  Use: Potion            |       |     1 ||     1
Armor: Robe              |    56 |     9 ||    65
Dodge: Dodged            |    68 |    11 ||    79
Block: Kite shield       |    60 |     8 ||    68

Table legend: (Time is in decaauts)
 A = Elapsed time spent in this place.
 B = Non-inter-level travel time spent in this place.
 C = Inter-level travel time spent in this place.
 D = Time resting spent in this place.
 E = Time spent auto-exploring this place.
 F = Levels seen in this place.
 G = Mean time per level.
                   A        B        C        D        E       F      G
               +--------+--------+--------+--------+--------+-----+--------+
         Total |   1517 |   1493 |     24 |      0 |   1100 |   3 |  505.7 |
       Dungeon |   1517 |   1493 |     24 |      0 |   1100 |   3 |  505.7 |
               +--------+--------+--------+--------+--------+-----+--------+

Top non-repeatable levels by time:
     D:2: 774 daAuts
     D:1: 632 daAuts
     D:3: 110 daAuts
